 Dungeon Crawl Stone Soup version 0.21-a0-529-g8c7b3f5 (webtiles) character file.

225 tsouns the Insei (level 6, 0/38 HPs)
             Began as an Octopode Transmuter on Dec 9, 2017.
             Slain by Grinder (2 damage)
             ... while paralysed by Grinder
             ... on level 3 of the Dungeon.
             The game lasted 00:08:25 (3104 turns).

tsouns the Insei (Octopode Transmuter)              Turns: 3104, Time: 00:08:26

Health: 0/38       AC:  3    Str: 10    XL:     6   Next: 1%
Magic:  2/9        EV:  2    Int: 17    God:
Gold:   114        SH:  0    Dex: 12    Spells: 4/10 levels left

rFire    . . .     SeeInvis .     - Unarmed
rCold    . . .     Gourm    .   (no shield)
rNeg     . . .     Faith    .   (helmet restricted)
rPois    .         Spirit   .   (no amulet)
rElec    .         Reflect  .   t - +2 ring of protection
rCorr    .         Harm     .   (no ring)
MR       .....                  (no ring)
Stlth    ++........             (no ring)
HPRegen  0.12/turn              (no ring)
MPRegen  0.11/turn              (no ring)
                                (no ring)
                                (no ring)

@: paralysed, appendage (expiring)
A: almost no armour, stealthy swim, amphibious, 8 rings, constrict 8, tentacle
spike 3, camouflage 1, gelatinous body 1
a: End Transformation


You were on level 3 of the Dungeon.
You were not hungry.
One of your tentacles had a temporary spike.
You visited 1 branch of the dungeon, and saw 4 of its levels.

You collected 114 gold pieces.

Inventory:

Missiles
 a - 31 arrows
Jewellery
 e - an uncursed ring of fire
 t - a +2 ring of protection (left tentacle)
Wands
 q - a wand of iceblast (11)
Scrolls
 h - a scroll of magic mapping {unknown}
 i - a scroll of enchant weapon {unknown}
 j - a scroll of amnesia {unknown}
 k - 3 scrolls of remove curse {unknown}
 n - 2 scrolls of identify {unknown}
 s - a scroll of blinking {unknown}
Potions
 d - a potion of brilliance {unknown}
 g - a potion of haste {unknown}
 l - 4 potions of curing {unknown}
 m - a potion of lignification {unknown}
 o - a potion of berserk rage {unknown}
 p - 2 potions of mutation {unknown}
 r - 2 potions of flight {unknown}
Books
 b - a book of Changes

   Spells                             Type                      Level
   a - Beastly Appendage              Transmutation                1
   b - Sticks to Snakes               Transmutation                2
   c - Spider Form                    Transmutation/Poison         3
   d - Ice Form                       Ice/Transmutation            4
   e - Blade Hands                    Transmutation                5
Comestibles
 c - 2 bread rations
 f - 4 royal jellies


   Skills:
 - Level 1.0 Fighting
 - Level 2.0 Dodging
 * Level 5.9 Unarmed Combat
 + Level 2.5 Spellcasting
 + Level 2.7 Transmutations


You had 4 spell levels left.
You knew the following spells:

 Your Spells              Type           Power        Failure   Level  Hunger
a - Beastly Appendage     Tmut           ##....       6%          1    #......
b - Sticks to Snakes      Tmut           ##......     9%          2    ##.....
c - Spider Form           Tmut/Pois      #.........   30%         3    ###....


Dungeon Overview and Level Annotations

Branches:
Dungeon (4/15)
 Temple: D:4-7

Altars:

Annotations:
D:3 Grinder, Sigmund


Innate Abilities, Weirdness & Mutations

You cannot wear most types of armour.
You are very stealthy in the water. (Stealth+)
You are amphibious.
You can wear up to eight rings at the same time.
You can use your tentacles to constrict eight enemies at once.
Your skin changes colour to match your surroundings (Stealth+).
Your rubbery body absorbs attacks. (AC +1, EV +1)
One of your tentacles bears a large vicious spike.


Message History

Confirm with . or Enter, or press ? or * to list all spells.
Okay, then.
Evoke which item? (* to show all) (? for menu, Esc to quit)
Aiming: Iceblast
Press: ? - help, Shift-Dir - straight line, f/p - Grinder
Aim: Grinder (moderately wounded)
The mass of ice explodes!
The iceblast engulfs Grinder.
Grinder partially resists.
Grinder is moderately wounded.
Grinder gestures at you.
You suddenly lose the ability to move!
Grinder hits you! Grinder hits you.
You writhe in agony.
* * * LOW HITPOINT WARNING * * *
Grinder hits you.
* * * LOW HITPOINT WARNING * * *
You writhe in agony.
* * * LOW HITPOINT WARNING * * *
Grinder hits you.
You die...

#.........[.##
#.............
#...[...[...#.
#...........#. .#########
#...........#.
.........###...........#.
.###...#.#...########.##.
#...#.#...# #.###
+...#@#...###### #....
#...#5#......... #####
....#)##........
.....#))†........
###...####5.......
#.######. #.....o....#
#.ro.......# #..o.......#


You could see Grinder.

Vanquished Creatures
  2 orc priests (D:3)
  Terence (D:3)
  A hound skeleton (D:4)
  6 adders
  An ooze (D:1)
  3 worms (D:2)
  2 leopard geckos
  9 orcs (D:3)
  3 giant cockroaches
  5 goblins
  5 hobgoblins
  4 jackals
  3 quokkas
  3 bats
  A frilled lizard (D:1)
  5 kobolds
  4 rats (D:2)
58 creatures vanquished.

Notes
Turn   | Place    | Note
-------+----------+-------------------------------------------
     0 | D:1      | tsouns the Octopode Transmuter began the quest for the Orb.
     0 | D:1      | Reached XP level 1. HP: 13/13 MP: 3/3
   536 | D:1      | Reached XP level 2. HP: 18/18 MP: 5/5
  1270 | D:2      | Reached skill level 4 in Unarmed Combat
  1344 | D:2      | Reached XP level 3. HP: 21/23 MP: 6/6
  1704 | D:2      | Reached XP level 4. HP: 28/28 MP: 7/7
  1850 | D:2      | Reached skill level 5 in Unarmed Combat
  2101 | D:2      | Learned a level 2 spell: Sticks to Snakes
  2105 | D:2      | Learned a level 3 spell: Spider Form
  2128 | D:3      | Noticed Terence
  2138 | D:3      | Killed Terence
  2138 | D:3      | Reached XP level 5. HP: 24/33 MP: 8/8
  2579 | D:3      | Noticed Sigmund
  2687 | D:4      | Noticed a phantom
  3034 | D:3      | Noticed Grinder
  3037 | D:3      | Paralysed by Grinder for 2 turns
  3053 | D:3      | Reached XP level 6. HP: 38/38 MP: 7/9
  3099 | D:3      | Paralysed by Grinder for 7 turns
  3104 | D:3      | Slain by Grinder

Vault maps used:
D:1:      dpeg_arrival_brainrot, minmay_crystal_water
D:3:      minmay_overflow_temple_hex, bh_walls_and_bars, uniq_terence,
          uniq_sigmund, uniq_grinder
D:4:      first_bread

Skill      XL: |  1  2  3  4 |
---------------+-------------+-----
Unarmed Combat | 4 5 |  5.9
Fighting       | |  1.0
Dodging        | |  2.0
Spellcasting   | |  2.5
Transmutations | |  2.7

Action                   |  1- 3 |  4- 6 || total
-------------------------+-------+-------++-------
Melee: Unarmed           |    67 |    91 ||   158
       Constrict         |    19 |    21 ||    40
       Tentacles         |    11 |    11 ||    22
       Punch             |     2 |     5 ||     7
       Kick              |       |     2 ||     2
Throw: Javelin           |       |     2 ||     2
 Cast: Beastly Appendage |       |    10 ||    10
       Sticks to Snakes  |       |     4 ||     4
Evoke: Wand              |       |     1 ||     1
 Stab: Sleeping          |     9 |     3 ||    12
  Eat: Chunk             |     2 |     3 ||     5
       Bread ration      |       |     1 ||     1
Armor: Skin              |     3 |     4 ||     7
Dodge: Dodged            |    36 |    39 ||    75

Table legend:
 A = Spawn XP
 B = Non-spawn XP
 C = Spawn XP percentage of total XP
 D = Spawn monster count
 E = Non-spawn monster count
 F = Spawn count percentage of total count
 G = Total turns spent on level
                    A         B        C        D         E        F      G
               +---------+---------+-------+---------+---------+-------+---------
         Total |       0 |     322 |   0.0 |       0 |      58 |   0.0 |  3104
               +---------+---------+-------+---------+---------+-------+---------
           D:1 |       0 |      23 |   0.0 |       0 |      10 |   0.0 |  1118
           D:2 |       0 |     101 |   0.0 |       0 |      27 |   0.0 |   988
           D:3 |       0 |     180 |   0.0 |       0 |      20 |   0.0 |   921
           D:4 |       0 |      18 |   0.0 |       0 |       1 |   0.0 |    77
               +---------+---------+-------+---------+---------+-------+---------
